 Dungeon Crawl Stone Soup version 0.31.0-32-g396128a36d (webtiles) character file.

Game seed: 12931683958657383460

2545 Marvel the Cleaver (level 9, 0/78 HPs)
             Began as a Hill Orc Fighter on Mar 24, 2024.
             Was a Follower of Okawaru.
             Slain by a manticore (5 damage)
             ... on level 6 of the Dungeon.
             The game lasted 00:08:46 (6129 turns).

Marvel the Cleaver (Hill Orc Fighter)               Turns: 6129, Time: 00:08:46

Health: 0/78       AC: 11    Str: 23    XL:     9   Next: 55%
Magic:  0/9        EV: 10    Int: 10    God:    Okawaru [*.....]
Gold:   267        SH:  5    Dex: 10    Spells: 8/8 levels left

rFire   . . .        x - +10 hammer of Subterfuge {drain, *Corrode rN+ Will+ Int+2}
rCold   . . .        c - +0 buckler
rNeg    + . .        b - +0 scale mail
rPois   +            (no helmet)
rElec   .            w - +2 cloak {rPois}
rCorr   .            (no gloves)
SInv    .            (no boots)
Will    +....        m - amulet of guardian spirit Stlth
                     q - ring of flight
HPRegen 0.33/turn    (no ring)
MPRegen 0.11/turn

%: corrode self (3%), guardian spirit
@: flying
A: no striking features
a: Renounce Religion, Heroism


You were on level 6 of the Dungeon.
You worshipped Okawaru.
Okawaru was aware of your devotion.
You visited 2 branches of the dungeon, and saw 8 of its levels.

You collected 300 gold pieces.
You spent 33 gold pieces at shops.

Inventory:

Hand Weapons
 a - a +1 war axe
 x - the +10 hammer of Subterfuge (weapon) {drain, *Corrode rN+ Will+ Int+2}
   (You found it on level 3 of the Dungeon)

   Int+2:     It affects your intelligence (+2).
   rN+:       It protects you from negative energy.
   Will+:     It increases your willpower.
   *Corrode:  It may corrode you when you take damage.
Missiles
 i - 6 boomerangs (quivered)
 u - a throwing net
Armour
 b - a +0 scale mail (worn)
 c - a +0 buckler (worn)
 w - a +2 cloak of poison resistance (worn)
Jewellery
 m - an amulet of guardian spirit (around neck)
 q - a ring of flight (left hand)
Wands
 p - a wand of polymorph (8)
 A - a wand of roots (8)
Scrolls
 d - a scroll of amnesia {unknown}
 f - a scroll of identify
 n - a scroll of noise
 o - 6 scrolls of teleportation
 r - 2 scrolls of revelation
 s - a scroll of poison {unknown}
 v - a scroll of enchant weapon
 y - a scroll of fog {unknown}
 z - a scroll of immolation {unknown}
 B - a scroll of fear
 E - a scroll of blinking
 F - 2 scrolls of enchant armour {unknown}
 G - a scroll of brand weapon {unknown}
Potions
 e - a potion of resistance {unknown}
 g - 2 potions of enlightenment {unknown}
 h - 2 potions of mutation {unknown}
 j - a potion of brilliance {unknown}
 k - 2 potions of degeneration {unknown}
 l - 6 potions of curing {unknown}
 t - a potion of attraction
 C - a potion of cancellation
 D - a potion of heal wounds {unknown}


   Skills:
 + Level 6.9 Fighting
 * Level 10.5 Axes
 + Level 8.6 Armour
 - Level 1.4 Dodging
 - Level 0.3 Stealth
 + Level 5.6 Shields


You had 8 spell levels left.
You didn't know any spells.
Your spell library contained the following spells:

 Spells                   Type           Power      Damage    Failure   Level
 Shock                    Conj/Air       0%         1d3       69%         1
 Frozen Ramparts          Ice            0%         1d1       96%         3
 Swiftness                Air            0%         N/A       96%         3
 Airstrike                Air            0%         2d(0-16)  100%        4
 Leda's Liquefaction      Alch/Erth      0%         N/A       100%        4
 Passage of Golubria      Tloc           0%         N/A       100%        4
 Petrify                  Alch/Erth      0%         N/A       100%        4
 Metabolic Englaciation   Hex/Ice        0%         N/A       100%        5
 Yara's Violent Unravell  Hex/Alch       0%         3d3       100%        5
 Tukima's Dance           Hex            Unusable   N/A       N/A         3

Dungeon Overview and Level Annotations

Branches:
Dungeon (7/15)             Temple (1/1) D:7

Altars:
Ashenzari
Cheibriados
Dithmenos
Elyvilon
Fedhas
Gozag
Hepliaklqana
Kikubaaqudgha
Makhleb
Nemelex Xobeh
Okawaru
Qazlal
Ru
Sif Muna
Trog
Uskayaw
Vehumet
Wu Jian
Xom
Yredelemnul
Zin
The Shining One

Shops:
D:1 ?


Message History

You closely miss the vampire mosquito.
The vampire mosquito is heavily damaged.
The vampire mosquito bites you but does no damage.
The vampire mosquito bites you.
The vampire mosquito draws strength from your injuries!
You bludgeon the vampire mosquito!!
You destroy the vampire mosquito!
Okawaru accepts your kill.
Items here: )))) [ †††††.
There is a stone staircase leading down, spattered with blood here.
You start resting.
Magic restored.
You fly downwards.
There is a stone staircase leading up here.
The manticore bites you but does no damage.
You block the manticore's attack. The manticore claws you.
You fly upwards.
There is a stone staircase leading down, spattered with blood here.
You barely miss the manticore.
The manticore bites you but does no damage.
The manticore claws you! x2
You sock the manticore!
The manticore is lightly wounded.
The manticore bites you!! The manticore barely misses you.
The manticore claws you.
You sock the manticore!
The manticore is heavily wounded.
The manticore bites you!
The manticore claws you but does no damage.
The manticore claws you.
* * * LOW HITPOINT WARNING * * *
You hit the manticore.
The manticore is heavily wounded.
The manticore bites you!
* * * LOW HITPOINT WARNING * * *
The manticore claws you but does no damage.
The manticore barely misses you. x2
The manticore claws you but does no damage.
The manticore claws you.
You die...

# ##'### #......# #.....#........
# #.#####+###..# #.#.#.†......##
# #............# #.#.#.#.###### #
#............###.#.#.#.#....# #
#..................#.#.#.##.#
####.#####.......##.....#.#.##.##
...#.# #.......#.####8..8##.##...
...#.# #.#.###.#.#.##....##.#####
#..#.# #.#...#.H@).###..###.#
#..#.###.#<#####.#.#_....##.# ###
...#...............###..###.# #..
########.#>#####...#_.....#.###..
.....###.#.#.....#####..###.....<
.......#.#.#.##....#......#.###..
.......#.#.#.......###..###.#....
.......#.#########.#_....##.#.##.
####.###...........##⌠#_8##...##.


You could see a manticore.

Vanquished Creatures
  Pikel (D:4)
  Sigmund (D:2)
  3 yaks (D:7)
  4 vampire mosquitoes
  2 black bears
  An orc warrior (D:6)
  A sky beast (D:7)
  A phantom (D:4)
  A scorpion (D:6)
  2 bombardier beetles
  Crazy Yiuf (D:3)
  5 iguanas
  An orc priest (D:6)
  A hound (D:4)
  Robin (D:1)
  4 gnolls
  5 adders
  2 dart slugs
  15 orcs
  5 ball pythons
  7 bats
  6 endoplasms
  2 giant cockroaches (D:3)
  11 hobgoblins
  7 jackals
  7 kobolds
  2 quokkas
  2 frilled lizards (D:1)
  9 goblins
  6 rats
116 creatures vanquished.

Notes
Turn   | Place    | Note
-------+----------+-------------------------------------------
     0 | D:1      | Marvel the Hill Orc Fighter began the quest for the Orb.
     0 | D:1      | Reached XP level 1. HP: 19/19 MP: 1/1
   159 | D:1      | Reached XP level 2. HP: 27/27 MP: 2/2
   261 | D:1      | Reached skill level 3 in Axes
   676 | D:1      | Found Vogoepty's Magic Scroll Shop.
   685 | D:1      | Bought a scroll of teleportation for 33 gold pieces
   921 | D:2      | Noticed Robin
  1035 | D:1      | Killed Robin
  1036 | D:1      | Reached XP level 3. HP: 33/33 MP: 3/3
  1129 | D:2      | Noticed Sigmund
  1302 | D:2      | Killed Sigmund
  1303 | D:2      | Reached skill level 5 in Axes
  1303 | D:2      | Reached skill level 1 in Dodging
  1303 | D:2      | Reached XP level 4. HP: 5/41 MP: 4/4
  1303 | D:2      | Reached XP level 5. HP: 6/47 MP: 5/5
  1751 | D:3      | Reached XP level 6. HP: 42/53 MP: 6/6
  2347 | D:3      | Found a runed translucent door.
  2348 | D:3      | Noticed Crazy Yiuf
  2357 | D:3      | Killed Crazy Yiuf
  2358 | D:3      | Reached skill level 6 in Axes
  2366 | D:3      | Identified the +10 hammer of Subterfuge {drain, *Corrode
                  | rN+ Will+ Int+2}
  2938 | D:4      | Reached XP level 7. HP: 60/60 MP: 7/7
  3118 | D:4      | Reached skill level 5 in Fighting
  3118 | D:4      | Reached skill level 7 in Axes
  3657 | D:4      | Noticed Pikel
  3670 | D:4      | Killed Pikel
  3671 | D:4      | Reached skill level 9 in Axes
  3671 | D:4      | Reached skill level 5 in Armour
  3671 | D:4      | Reached XP level 8. HP: 16/69 MP: 3/8
  4179 | D:5      | Entered Level 5 of the Dungeon
  4668 | D:6      | Found a burning altar of Makhleb.
  4670 | D:6      | Found an ancient bone altar of Kikubaaqudgha.
  4670 | D:6      | Found a bloodstained altar of Trog.
  4678 | D:6      | Found a radiant altar of Vehumet.
  5423 | D:6      | Reached skill level 5 in Shields
  5547 | D:7      | Found a staircase to the Ecumenical Temple.
  5569 | D:7      | Reached skill level 10 in Axes
  5569 | D:7      | Reached XP level 9. HP: 34/78 MP: 3/9
  5571 | Temple   | Entered the Ecumenical Temple
  5624 | Temple   | Became a worshipper of Warmaster Okawaru
  5853 | D:7      | Noticed a gargoyle
  5917 | D:6      | Reached * piety under Okawaru
  6103 | D:7      | Noticed a manticore
  6129 | D:6      | Slain by a manticore

Illustrated notes

Levels and vault maps discovered:
D:1:      lightli_arrival_windingriver, layout_basic, serial_shops, shop_scrolls
D:2:      layout_rooms, uniq_robin, uniq_sigmund
D:3:      layout_loops_ring, uniq_crazy_yiuf_cottage
D:4:      layout_layer_cave, chequers_big_river, minmay_misc_feat_secret_circle,
          grunt_ministairs_7, uniq_pikel
D:5:      layout_loops_ring
D:6:      layout_basic, minitemple
D:7:      layout_basic, minmay_temple_entry_wispy, minmay_manual_mandibuliform
Temple:   regret_index_temple_mists

Skill      XL: |  1  2  3  4  5  6  7  8  9 |
---------------+----------------------------+-----
Axes           | 3 5 6 9 10 | 10.5
Fighting       | 4 5 6 |  6.9
Armour         | 4 5 7 8 |  8.6
Dodging        | 1 |  1.4
Shields        | 4 5 |  5.6
Stealth        | |  0.3

Action                     |  1- 3 |  4- 6 |  7- 9 || total
---------------------------+-------+-------+-------++-------
  Melee: War axe           |   101 |    85 |       ||   186
         Unarmed           |     4 |       |       ||     4
         Mace              |       |    17 |   134 ||   151
    Use: Potion            |     1 |       |       ||     1
         Scroll            |       |     4 |     3 ||     7
   Stab: Distracted        |       |     1 |       ||     1
 Armour: Scale mail        |   100 |    68 |   147 ||   315
         Skin              |    14 |       |       ||    14
  Dodge: Dodged            |    71 |    51 |    88 ||   210
  Block: Buckler           |    36 |    21 |    41 ||    98
